 Dungeon Crawl Stone Soup version 0.20-a0-957-g47ad1fd (webtiles) character file.

60753 Lifeless the Warrior (level 14, -4/140 HPs)
             Began as a Minotaur Abyssal Knight on Apr 5, 2017.
             Was the Champion of Lugonu.
             Slain by an alligator (7 damage)
             ... on level 6 of the Lair of Beasts.
             The game lasted 01:47:00 (27679 turns).

Lifeless the Warrior (Minotaur Abyssal Knight)     Turns: 27679, Time: 01:47:01

Health: -4/140     AC: 19    Str: 18    XL:     14   Next: 58%
Magic:  15/17      EV: 16    Int:  8    God:    Lugonu [******]
Gold:   1183       SH:  6    Dex: 19    Spells: 13/13 levels left

rFire    + . .     SeeInvis .   a - +2 long sword of Omoxaaff {slice, Dex+5}
rCold    + . .     Gourm    .   U - +2 buckler
rNeg     + . .     Faith    .   v - +2 scale mail {rPois}
rPois    +         Spirit   .   r - +1 hat
rElec    .         Reflect  .   g - +2 ratskin cloak {+Rats rPois rN+ Str-1 Int-1 Dex+1}
rCorr    .         Harm     .   Q - +0 pair of gloves
MR       +....                  L - +0 pair of boots
Stlth    ..........             (no amulet)
Regen    0.4/turn               K - ring of protection from fire
MPRegen  0.2/turn               G - ring of protection from cold

@: no status effects
A: retaliatory headbutt, horns 2
a: Depart the Abyss, Bend Space, Banish, Corrupt, Enter the Abyss, Brand Weapon
With Distortion, Renounce Religion, Evoke Ratskin


You were on level 6 of the Lair of Beasts.
You worshipped Lugonu.
Lugonu was exalted by your worship.
You were hungry.

You visited 4 branches of the dungeon, and saw 19 of its levels.
You visited the Abyss 1 time.

You collected 1183 gold pieces.

Inventory:

Hand Weapons
 a - the +2 long sword of Omoxaaff (weapon) {slice, Dex+5}
   (You found it on level 7 of the Dungeon)

   It inflicts extra damage upon your enemies.
   It affects your dexterity (+5).
 b - a +2 dagger of electrocution
Armour
 g - the +2 ratskin cloak (worn) {+Rats rPois rN+ Str-1 Int-1 Dex+1}
   (You found it on level 7 of the Dungeon)

   It affects your strength (-1).
   It affects your intelligence (-1).
   It affects your dexterity (+1).
   It protects you from poison.
   It protects you from negative energy.
 r - a +1 hat (worn)
 v - a +2 scale mail of poison resistance (worn)
 I - a +0 plate armour of fire resistance
 L - a +0 pair of boots (worn)
 Q - a +0 pair of gloves (worn)
 U - a +2 buckler (worn)
Jewellery
 t - an uncursed ring of ice
 G - a ring of protection from cold (right hand)
 K - a ring of protection from fire (left hand)
Wands
 p - a wand of scattershot (0/9)
 q - a wand of paralysis (13/24)
 u - a wand of digging (16/24)
 z - a wand of paralysis (12/24)
 B - a wand of iceblast (6/15)
 O - a wand of acid (6/15)
 R - a wand of flame (9/48)
 S - a wand of confusion (18/48)
Scrolls
 d - a scroll of identify
 e - 3 scrolls of immolation
 j - 4 scrolls of enchant weapon
 m - 4 scrolls of fog
 x - 3 scrolls of recharging
 y - 2 scrolls of magic mapping
 D - 8 scrolls of remove curse
 E - 3 scrolls of enchant armour
 H - 2 scrolls of holy word
 J - a scroll of teleportation
 P - a scroll of vulnerability {unknown}
Potions
 f - 2 potions of might {unknown}
 h - 4 potions of haste {unknown}
 k - 7 potions of flight {unknown}
 l - 2 potions of brilliance {unknown}
 n - a potion of invisibility {unknown}
 o - 3 potions of mutation {unknown}
 s - 6 potions of curing
 A - 4 potions of heal wounds {unknown}
 C - 4 potions of agility {unknown}
 M - a potion of berserk rage {unknown}
Miscellaneous
 T - a sack of spiders
Comestibles
 c - 15 bread rations
 i - 22 fruits
 F - 10 royal jellies


   Skills:
 * Level 17.4 Fighting
 * Level 17.2 Long Blades
 + Level 12.7 Armour
 - Level 9.1 Dodging
 + Level 6.3 Invocations


You had 13 spell levels left.
You didn't know any spells.

Dungeon Overview and Level Annotations

Branches:
Dungeon (11/15)            Temple (1/1) D:4            Lair (6/6) D:8
 Shoals (0/4) Lair:3       Spider (0/4) Lair:2        Slime (0/5) Lair:6
    Orc (1/2) D:11

Altars:
Ashenzari
Cheibriados
Dithmenos
Elyvilon
Fedhas
Gozag
Hepliaklqana
Kikubaaqudgha
Makhleb
Nemelex Xobeh
Okawaru
Qazlal
Ru
Sif Muna
Trog
Uskayaw
Vehumet
Wu Jian
Xom
Yredelemnul
Zin
The Shining One
Beogh

Annotations:
D:3 Paps's ghost, amateur MiFi
Lair:2 exclusion: ice statue
Lair:4 exclusion: 2 oklob plants


Innate Abilities, Weirdness & Mutations

You reflexively headbutt those who attack you in melee.
You have a pair of horns on your head.


Message History

The manticore claws you. You block the manticore's attack.
The alligator bites you!
* * * LOW HITPOINT WARNING * * *
The alligator completely misses you. You block the alligator's attack.
The alligator tail-slaps you!
* * * LOW HITPOINT WARNING * * *
The manticore flicks its tail.
The volley of spikes hits you! The alligator misses you.
You block the alligator's attack. The alligator barely misses you.
You furiously retaliate!
You headbutt the alligator, but do no damage.
The alligator tail-slaps you.
* * * LOW HITPOINT WARNING * * *
Space bends around you!
You blink.
The alligator bites you!
* * * LOW HITPOINT WARNING * * *
The alligator barely misses you. Space bends around you!
You blink.
Space bends around you!
You blink.
The alligator bites you!
You die...

#.......†..#*,,#.....
##...#...†.#.#,,#.....
#.#..#....#...#*#.....
#...#######*..(###..P.
*#...# **,,,*$.# ###.P
#.#P.## *,,,,**## #...
####..###########
##.#.
#.#..#...#.....###.#..
##.Ht@...........##.#.
#§###.#.#............
### #####....#.....#.
*#............
#...........#.
##P...........
#P.....#.#.###
#########.#.** ####.*


You could see an alligator and a manticore.

Vanquished Creatures
  Josephine (D:11)
  8 hydras
  2 catoblepae
  3 two-headed ogres
  A death yak (Lair:4)
  An orb spider (Lair:2)
  2 cyclopes (D:11)
  9 elephants
  Psyche (D:10)
  4 black mambas
  Maurice (D:8)
  24 spiny frogs
  A torpor snail (Lair:3)
  13 komodo dragons
  A rime drake (Lair:5)
  A queen bee (D:9)
  A troll (D:9)
  3 hornets (Lair:5)
  Grinder (D:4)
  2 tyrant leeches (Lair:6)
  Prince Ribbit (D:8)
  25 blink frogs
  3 hippogriffs
  2 dream sheep
  12 spriggans
  2 wyverns
  49 yaks
  Grum (D:8)
  2 basilisks
  3 wraiths (D:11)
  6 vampire mosquitoes
  Eustachio (D:6)
  A steam dragon (D:10)
  Edmund (D:4)
  Menkaure (D:6)
  A soldier ant (D:11)
  9 porcupines
  13 ice beasts
  15 water moccasins
  5 orc warriors
  A sky beast (D:8)
  4 ogres
  5 phantoms
  3 black bears
  A necrophage (D:11)
  25 wolves
  3 boggarts (Lair:5)
  12 centaurs
  11 crocodiles
  3 big kobolds
  28 bullfrogs
  A gnoll sergeant (D:9)
  A wyvern skeleton (D:11)
  3 scorpions
  22 killer bees
  3 wights (D:5)
  2 electric eels
  3 howler monkeys (D:11)
  3 crimson imps (D:5)
  A bullfrog zombie (D:11)
  2 jellies (D:11)
  2 quasits
  Crazy Yiuf (D:4)
  A bullfrog skeleton (D:8)
  16 orc priests
  4 hounds
  9 orc wizards
  2 centaur skeletons
  2 iguanas
  4 hell rats (Lair:1)
  12 worker ants
  A killer bee zombie (D:6)
  2 bullfrog simulacra (D:9)
  2 hound zombies
  2 hound skeletons
  A howler monkey skeleton (D:5)
  A worker ant zombie (D:11)
  7 gnolls
  6 adders
  8 river rats (Lair:1)
  A shadow imp (D:6)
  8 white imps
  An ufetubus (D:9)
  An adder zombie (D:5)
  2 worms
  5 dart slugs
  8 leopard geckos
  53 orcs
  A ball python (D:2)
  11 bats
  7 giant cockroaches
  9 goblins
  5 hobgoblins
  11 jackals
  17 kobolds
  7 quokkas
  6 frilled lizards
  2 quokka skeletons
  10 rats
618 creatures vanquished.

Vanquished Creatures (others)
  An unseen horror (D:10)
  21 bushes (Lair:6)
  17 fungi
  47 plants
86 creatures vanquished.

Grand Total: 704 creatures vanquished

Notes
Turn   | Place    | Note
-------+----------+-------------------------------------------
     0 | Abyss:1  | Lifeless the Minotaur Abyssal Knight began the quest for the Orb.
     0 | Abyss:1  | Reached XP level 1. HP: 19/19 MP: 1/1
    51 | Abyss:1  | Noticed a large abomination
    52 | D:1      | Escaped the Abyss
   105 | D:1      | Reached * piety under Lugonu
   228 | D:1      | Reached XP level 2. HP: 27/27 MP: 2/2
   829 | D:2      | Reached XP level 3. HP: 29/33 MP: 3/3
   937 | D:2      | Found a shattered altar of Ashenzari.
  1252 | D:2      | Reached ** piety under Lugonu
  1508 | D:2      | Reached XP level 4. HP: 40/40 MP: 4/4
  1608 | D:2      | Found a shimmering altar of Xom.
  2411 | D:3      | Noticed Paps's ghost (amateur MiFi)
  3346 | D:2      | Reached XP level 5. HP: 11/47 MP: 5/5
  4125 | D:4      | Reached skill level 5 in Fighting
  4125 | D:4      | Reached skill level 5 in Long Blades
  4144 | D:4      | Reached XP level 6. HP: 43/56 MP: 6/6
  4474 | D:4      | Noticed Grinder
  4562 | D:4      | Paralysed by Grinder for 3 turns
  4574 | D:4      | Killed Grinder
  4574 | D:4      | Reached XP level 7. HP: 32/62 MP: 7/7
  4827 | D:4      | Noticed Edmund
  4841 | D:4      | Killed Edmund
  5040 | D:4      | Found a deep blue altar of Sif Muna.
  5070 | D:4      | Reached *** piety under Lugonu
  5218 | D:4      | Found a staircase to the Ecumenical Temple.
  5406 | D:4      | Found a runed door.
  5508 | D:4      | Noticed Crazy Yiuf
  5521 | D:4      | Killed Crazy Yiuf
  5803 | Temple   | Entered the Ecumenical Temple
  6004 | D:5      | Entered Level 5 of the Dungeon
  6240 | D:5      | Reached XP level 8. HP: 69/73 MP: 8/8
  6418 | D:5      | Reached skill level 5 in Armour
  6701 | D:5      | Found a snail-covered altar of Cheibriados.
  6707 | D:5      | Found a burning altar of Makhleb.
  6770 | D:5      | Found a white marble altar of Elyvilon.
  6770 | D:5      | Found a hazy altar of Hepliaklqana.
  7110 | D:5      | Found a radiant altar of Vehumet.
  7209 | D:6      | Found a glowing silver altar of Zin.
  7329 | D:6      | Found an opulent altar of Gozag.
  7468 | D:6      | Reached **** piety under Lugonu
  7638 | D:6      | Noticed Eustachio
  7699 | D:6      | Killed Eustachio
  7721 | D:6      | Reached skill level 5 in Dodging
  8133 | D:6      | Reached XP level 9. HP: 82/82 MP: 9/9
  8172 | D:6      | Noticed Menkaure
  8178 | D:6      | Killed Menkaure
  8651 | D:7      | Got a bloodstained long sword
  8655 | D:7      | Identified the +2 long sword of Omoxaaff {slice, Dex+5} (You found it on level 7 of the Dungeon)
  9381 | D:8      | Noticed a two-headed ogre
  9392 | D:8      | Killed a two-headed ogre
  9392 | D:8      | Reached skill level 10 in Long Blades
  9494 | D:8      | Reached skill level 10 in Fighting
  9513 | D:8      | Reached XP level 10. HP: 80/93 MP: 10/10
  9603 | D:8      | Noticed Maurice
  9629 | D:8      | Killed Maurice
  9693 | D:8      | Found a staircase to the Lair.
  9938 | D:8      | Noticed Prince Ribbit
  9944 | D:8      | Killed Prince Ribbit
  9944 | D:8      | Reached ***** piety under Lugonu
 10064 | D:8      | Found a basalt altar of Yredelemnul.
 10132 | D:8      | Noticed Grum
 10191 | D:8      | Killed Grum
 10303 | D:9      | Found a shimmering altar of Xom.
 10890 | D:9      | Found a hide-covered altar of Uskayaw.
 10893 | D:9      | Found an ornate altar of the Wu Jian Council.
 10896 | D:9      | Found an ancient bone altar of Kikubaaqudgha.
 11985 | D:10     | Entered Level 10 of the Dungeon
 12069 | D:10     | Noticed a two-headed ogre
 12079 | D:10     | Killed a two-headed ogre
 12079 | D:10     | Reached XP level 11. HP: 104/104 MP: 11/11
 12198 | D:10     | Killed an unseen horror
 12633 | D:10     | Noticed Psyche
 12637 | D:10     | Killed Psyche
 13210 | D:11     | Noticed Josephine
 13229 | D:11     | Killed Josephine
 13972 | D:11     | Noticed an orc knight
 13985 | D:11     | Reached ****** piety under Lugonu
 14328 | D:9      | Noticed a two-headed ogre
 14335 | D:9      | Killed a two-headed ogre
 15412 | D:11     | Found a roughly hewn altar of Beogh.
 15460 | D:11     | Found a staircase to the Orcish Mines.
 15932 | Orc:1    | Entered Level 1 of the Orcish Mines
 16157 | Lair:1   | Entered Level 1 of the Lair of Beasts
 16168 | Lair:1   | Noticed an eight-headed hydra
 16310 | D:7      | Reached XP level 12. HP: 67/115 MP: 12/12
 17025 | Lair:1   | Reached skill level 10 in Armour
 17842 | Lair:1   | Found a snail-covered altar of Cheibriados.
 18574 | Lair:2   | Found a hole to the Spider Nest.
 19417 | Lair:2   | Reached skill level 15 in Long Blades
 19885 | Lair:3   | Reached skill level 15 in Fighting
 19888 | Lair:3   | Reached XP level 13. HP: 118/126 MP: 14/14
 20308 | Lair:3   | Found a staircase to the Shoals.
 23419 | Lair:5   | Reached skill level 5 in Invocations
 25270 | Lair:6   | Entered Level 6 of the Lair of Beasts
 25338 | Lair:5   | Reached XP level 14. HP: 114/138 MP: 16/16
 27676 | Lair:6   | HP: 6/140 [alligator (14)]
 27679 | Lair:6   | Slain by an alligator

Vault maps used:
D:1:      saegor_arrival_simple_b
D:2:      lemuel_round_altar, nicolae_overflow_crystal_walls, first_bread
D:3:      serial_park_tiny_1
D:4:      minmay_temple_entry_statues_pillars, lemuel_blue_sif_altar,
          uniq_grinder, uniq_edmund, uniq_crazy_yiuf_cottage
D:5:      lemuel_coloured_pillars_altar, minitemple,
          gammafunk_temple_overflow_pools, hangedman_decor_riveting
D:6:      marbit_many_paths, kennysheep_little_box, uniq_menkaure,
          uniq_eustachio
D:8:      lemuel_doored_altar, lair_entry_dummy, uniq_prince_ribbit1, uniq_grum,
          uniq_maurice
D:9:      grunt_temple_overflow_diamond, serial_ice, serial_ice_l, serial_ice_c,
          serial_ice_o, serial_ice_e, serial_ice_m, david_nohive_1,
          brannock_xom_greatest_gift
D:10:     uniq_psyche
D:11:     david_orc_5, uniq_josephine
Temple:   chequers_temple_sunken
Lair:1:   basic_altar, kennysheep_abandoned_house
Lair:2:   nicolae_spider_entry_orb_guardian, serial_bayou_lagoon_a, ice2_lemuel,
          infiniplex_staircase_pool
Lair:3:   minmay_shoals_entry_centaurs, grunt_megastairs_4, lemuel_fruit_fields
Lair:4:   nicolae_lair_yak_garden, serial_bayou_shore_a,
          minmay_lair_oklob_chamber, serial_bayou_shore_b
Lair:5:   kb_forest_paths
Lair:6:   minmay_lair_end_frog_pond, dpeg_slime_entry_enclosed_altar,
          minmay_hedge_maze, columned_hall_lemuel, hangedman_lair_generics_rect
Orc:1:    enter_bailey_2

Skill      XL: |  1  2  3  4  5  6  7  8  9 10 11 12 13 14 |
---------------+-------------------------------------------+-----
Long Blades    | 3 4 5 6 7 8 10 12 13 15 16 17 | 17.2
Dodging        | 2 3 4 5 6 7 8 9 |  9.1
Fighting       | 4 5 7 8 10 12 13 15 16 17 | 17.4
Armour         | 3 4 6 7 8 9 11 12 | 12.7
Invocations    | 3 5 6 |  6.3

Action                   |  1- 3 |  4- 6 |  7- 9 | 10-12 | 13-15 || total
-------------------------+-------+-------+-------+-------+-------++-------
Melee: Falchion          |    98 |   129 |   267 |       |       ||   494
       Headbutt          |    13 |    18 |    83 |   271 |   243 ||   628
       Unarmed           |       |     7 |       |       |       ||     7
       Dagger            |       |       |    50 |    24 |    74 ||   148
       Long sword        |       |       |    63 |   932 |   636 ||  1631
Invok: Depart the Abyss  |     1 |       |       |       |       ||     1
       Bend Space        |       |       |       |     8 |     4 ||    12
Evoke: Wand              |       |       |     1 |     1 |     2 ||     4
  Use: Scroll            |       |     3 |       |    14 |     3 ||    20
       Potion            |       |       |       |       |     1 ||     1
 Stab: Sleeping          |       |       |       |     2 |       ||     2
       Distracted        |       |       |       |     1 |       ||     1
  Eat: Chunk             |     2 |     5 |    10 |    18 |    14 ||    49
       Fruit             |       |     2 |       |     1 |       ||     3
       Royal jelly       |       |     1 |       |     1 |     3 ||     5
       Meat ration       |       |       |     2 |     1 |     1 ||     4
       Bread ration      |       |       |       |     1 |       ||     1
Armor: Leather armour    |    11 |       |       |       |       ||    11
       Ring mail         |    23 |    17 |       |       |       ||    40
       Chain mail        |       |    11 |       |       |       ||    11
       Scale mail        |       |     6 |    66 |   194 |   244 ||   510
       Plate armour      |       |       |    56 |   114 |       ||   170
       Steam dragon scal |       |       |       |     8 |       ||     8
Dodge: Dodged            |    60 |    58 |   165 |   512 |   413 ||  1208
Block: Buckler           |       |       |       |       |   121 ||   121
       Rpst.: Falchion   |    14 |    21 |    40 |       |       ||    75
       Long sword        |       |       |     5 |   117 |   101 ||   223
